 Dungeon Crawl Stone Soup version 0.28.0 (webtiles) character file.

Game seed: 13458651873506808260

23 AmazingTV the Skirmisher (level 2, -1/27 HPs)
             Began as a Minotaur Fighter on Mar 22, 2024.
             Succumbed to Crazy Yiuf's poison
             ... on level 2 of the Dungeon.
             The game lasted 00:01:42 (1061 turns).

AmazingTV the Skirmisher (Minotaur Fighter)         Turns: 1061, Time: 00:01:43

Health: -1/27      AC:  6    Str: 20    XL:     2   Next: 72%
Magic:  1/1        EV:  9    Int:  5    God:
Gold:   82         SH:  4    Dex:  9    Spells: 1/1 levels left

rFire   . . .      SeeInvis .   a - +0 war axe {axe}
rCold   . . .      Faith    .   c - +0 buckler
rNeg    . . .      Spirit   .   b - +0 scale mail
rPois   .          Reflect  .   (helmet restricted)
rElec   .          Harm     .   (no cloak)
rCorr   .          Rampage  .   (no gloves)
Will    .....                   (no boots)
Stlth   ..........              (no amulet)
HPRegen 0.09/turn               (no ring)
MPRegen 0.07/turn               (no ring)

@: lethally poisoned (-1 -> -12)
A: horns 2, retaliatory headbutt
a: no special abilities


You were on level 2 of the Dungeon.
You visited 1 branch of the dungeon, and saw 2 of its levels.

You collected 82 gold pieces.


Innate Abilities, Weirdness & Mutations

You have a pair of horns on your head.
You reflexively headbutt those who attack you in melee.


   Skills:
 + Level 4.1 Fighting
 + Level 3.1(3.3) Axes
 + Level 1.5(2.5) Maces & Flails
 - Level 3.6 Armour
 - Level 3.6 Shields


You had one spell level left.
You didn't know any spells.
Your spell library contained the following spells:

 Spells                   Type           Power      Damage    Failure   Level
 Freeze                   Ice            0%         1d3       89%         1
 Frozen Ramparts          Ice            0%         1d2       99%         3
 Hailstorm                Conj/Ice       0%         3d3       100%        4

Inventory:

Hand Weapons
 a - a +0 war axe (weapon) {axe}
 h - a +2 dagger of protection {short}
   (You found it on level 1 of the Dungeon)
Missiles
 f - 13 stones (quivered)
 j - 36 arrows
Armour
 b - a +0 scale mail (worn)
 c - a +0 buckler (worn)
Potions
 d - a potion of might
 e - 2 potions of heal wounds {unknown}
 g - a potion of berserk rage {unknown}
 i - a potion of degeneration {unknown}
 k - a potion of haste {unknown}

Dungeon Overview and Level Annotations

Branches:
Dungeon (2/15)

Altars:

Annotations:
D:2 Crazy Yiuf

.................................
...........###.........#.......).
.............+.........#.........
.........################........
.........# ###...... ........#
#........ ........# ###
♣♣##........ ..###+#.# #)..#♣♣
♣♣..#........ . #.....#
#...g@♣♣♣♣............ #.....#
#...#♣..♣............. #.....#
### ♣♣♣.♣...#........ #.....#
♣♣♣♣♣##........ ###'#...#
#........ #.......#######
########........ #..............
......††........ #..<...........
................ #..............
........#.......


You could see Crazy Yiuf.


Message History

You see here a +0 dagger {short}.
A goblin comes into view. It is wielding a +0 club.
The goblin shouts!
A goblin is nearby!
The goblin closely misses you. You furiously retaliate!
You headbutt the goblin!
You kill the goblin!
No target in view!
You see here a +0 club {mace}.
Done exploring.
Done exploring.
There is a stone staircase leading down here.
You climb downwards.
There is a stone staircase leading up here.
A bat comes into view.
A ball python comes into view.
The ball python hisses angrily.
The bat barely misses you. You furiously retaliate!
You headbutt the bat!
You kill the bat!
Your Axes skill increases to level 3!
You hit the ball python but do no damage.
The ball python bites you.
You block the ball python's attack. 😕 HP[-1]
You take 1 damage, and now have 26/27 hp.
You slash the ball python!
You kill the ball python!
A rat comes into view. 😎 HP[+1]
Your hp is fully restored (27).
Found a stone staircase leading up.
The rat bites you but does no damage.
You closely miss the rat. The rat barely misses you.
You closely miss the rat. The rat closely misses you. x2
You barely miss the rat. You block the rat's attack.
You barely miss the rat. The rat bites you but does no damage.
The rat closely misses you.
You closely miss the rat. The rat barely misses you. You furiously retaliate!
You headbutt the rat.
You kill the rat!
You now have 65 gold pieces (gained 5).
j - 36 arrows (gained 15)
You open the door.
There is an open door here.
A dart slug comes into view.
The dart slug launches a dart at you. The slug dart misses you.
You see here 17 gold pieces.
The dart slug bites you but does no damage.
You slash the dart slug! You headbutt the dart slug.
You kill the dart slug!
You now have 82 gold pieces (gained 17).
Found a stone staircase leading down.
No target in view!
e - 2 ruby potions (gained 1)
A hobgoblin and a ball python come into view.
The hobgoblin shouts!
You barely miss the ball python. Your headbutt misses the ball python.
The ball python misses you. The ball python grabs you.
The ball python constricts you.
You slash the ball python!
You kill the ball python!
The hobgoblin closely misses you.
You see here a ball python corpse.
You barely miss the hobgoblin. The hobgoblin barely misses you. x2
You barely miss the hobgoblin.
The hobgoblin hits you but does no damage.
You completely miss the hobgoblin. You headbutt the hobgoblin.
You block the hobgoblin's attack.
You closely miss the hobgoblin. Your headbutt misses the hobgoblin.
You block the hobgoblin's attack. The hobgoblin hits you. 😕 HP[-2]
You take 2 damage, and now have 25/27 hp.
You closely miss the hobgoblin. Your headbutt misses the hobgoblin.
The hobgoblin hits you. 😕 HP[-3]
You take 3 damage, and now have 22/27 hp.
You completely miss the hobgoblin. The hobgoblin hits you. 😕 HP[-1]
You take 1 damage, and now have 21/27 hp.
You slash the hobgoblin!
You kill the hobgoblin! 😕 HP[+1] Crazy Yiuf shouts!
You open the door.
Crazy Yiuf hits you with a +3 quarterstaff of chaos!
* * * LOW HITPOINT WARNING * * *
You resist with significant effort. 😨 HP[-10]
You take 10 damage, and now have 12/27 hp.
MASSIVE DAMAGE!! (PAUSE)
You hit Crazy Yiuf.
Crazy Yiuf hits you with a +3 quarterstaff of chaos!
* * * LOW HITPOINT WARNING * * *
You are lethally poisoned! 😱 HP[-9]
You take 9 damage, and now have 3/27 hp.
MASSIVE DAMAGE!! (PAUSE)
You slash Crazy Yiuf!
You die...

Skill      XL: |  1  2 |
---------------+-------+-----
Maces & Flails | 1 |  1.5
Fighting       | 4 |  4.1
Axes           | 3 |  3.1
Armour         | |  3.6
Shields        | |  3.6

Action                   || total
-------------------------++-------
Melee: War axe           ||    46
       Headbutt          ||     4
Armor: Scale mail        ||    15
Dodge: Dodged            ||    26
Block: Buckler           ||    10

Levels and vault maps discovered:
D:1:      psy_arrival_spokes, layout_loops_ring, minmay_misc_feat_rugged
D:2:      kennysheep_the_goblin_king, layout_basic,
          ebering_ecumenical_altar_hall, minmay_pentomino_v4,
          uniq_crazy_yiuf_cottage

Notes
Turn   | Place    | Note
-------+----------+-------------------------------------------
     0 | D:1      | AmazingTV the Minotaur Fighter began the quest for the Orb.
     0 | D:1      | Reached XP level 1. HP: 19/19 MP: 0/0
     0 | D:1      | magus.rc [v1.9.6]
   202 | D:1      | Reached skill level 1 in Maces & Flails
   294 | D:1      | Reached XP level 2. HP: 27/27 MP: 1/1
   450 | D:1      | You pick up a book of Frost and begin reading...
   450 | D:1      | You add the spells Freeze, Frozen Ramparts and Hailstorm to
                  | your library.
   471 | D:1      | Reached skill level 4 in Fighting
   911 | D:2      | Reached skill level 3 in Axes
  1055 | D:2      | Found a runed translucent door.
  1056 | D:2      | Noticed Crazy Yiuf
  1060 | D:2      | HP: 3/27 [Crazy Yiuf (9)]
  1061 | D:2      | Succumbed to Crazy Yiuf's poison

Vanquished Creatures
  A dart slug (D:2)
  An endoplasm (D:1)
  5 goblins (D:1)
  5 hobgoblins
  2 ball pythons (D:2)
  2 bats
  A kobold (D:1)
  2 rats
19 creatures vanquished.

Table legend:
 A = Non-vault XP
 B = Vault XP
 C = Vault XP percentage of total XP
 D = Non-vault monster count
 E = Vault monster count
 F = Vault count percentage of total count
                 A         B        C        D         E       F
            +---------+---------+-------+---------+---------+-------
      Total |      33 |       0 |   0.0 |      19 |       0 |   0.0
            +---------+---------+-------+---------+---------+-------
        D:1 |      23 |       0 |   0.0 |      13 |       0 |   0.0
        D:2 |      10 |       0 |   0.0 |       6 |       0 |   0.0
            +---------+---------+-------+---------+---------+-------

Illustrated notes

Table legend:
 A = Kills in this place as a percentage of kills in entire the game.
 B = Kills by you in this place as a percentage of kills by you in the entire game.
 C = Kills by friends in this place as a percentage of kills by friends in the entire game.
 D = Other kills in this place as a percentage of other kills in the entire game.
 E = Experience gained in this place as a percentage of experience gained in the entire game.
 F = Experience gained in this place divided by the number of levels of this place that you have seen.
                   A       B       C       D       E      F
               +-------+-------+-------+-------+-------+----------------------
         Total | 100.0 | 100.0 |   N/A |   N/A | 100.0 |  16.5
       Dungeon | 100.0 | 100.0 |   N/A |   N/A | 100.0 |  16.5
               +-------+-------+-------+-------+-------+----------------------

Table legend: (Time is in decaauts)
 A = Elapsed time spent in this place.
 B = Non-inter-level travel time spent in this place.
 C = Inter-level travel time spent in this place.
 D = Time resting spent in this place.
 E = Time spent auto-exploring this place.
 F = Levels seen in this place.
 G = Mean time per level.
                   A        B        C        D        E       F      G
               +--------+--------+--------+--------+--------+-----+--------+
         Total |   1078 |   1027 |     51 |      0 |    884 |   2 |  539.0 |
       Dungeon |   1078 |   1027 |     51 |      0 |    884 |   2 |  539.0 |
               +--------+--------+--------+--------+--------+-----+--------+

Top non-repeatable levels by time:
     D:1: 912 daAuts
     D:2: 166 daAuts
